 Dungeon Crawl Stone Soup version 0.29.1-15-g9cfb28693d (webtiles) character file.

Game seed: 16154417547778027728

58 PhantomBowie the Ruffian (level 3, -5/29 HPs)
             Began as a Draconian Transmuter on Mar 7, 2023.
             Slain by an orc priest
             ... wielding a +0 flail
              (8 damage)
             ... on level 3 of the Dungeon on Mar 8, 2023.
             The game lasted 00:07:48 (2421 turns).

PhantomBowie the Ruffian (Draconian Transmuter)     Turns: 2421, Time: 00:07:49

Health: -5/29      AC:  7    Str: 12    XL:     3   Next: 75%
Magic:  6/6        EV: 12    Int: 15    God:
Gold:   128        SH:  0    Dex: 11    Spells: 5/6 levels left

rFire   . . .      SeeInvis .     - Unarmed
rCold   . . .      Faith    .   (no shield)
rNeg    . . .      Spirit   .   (body armour unavailable)
rPois   .          Reflect  .   (helmet restricted)
rElec   .          Harm     .   (no cloak)
rCorr   .          Rampage  .   k - +0 pair of gloves
Will    .....                   j - +0 pair of boots
Stlth   +.........              (no amulet)
HPRegen 0.09/turn               (no ring)
MPRegen 0.10/turn               (no ring)

@: no status effects
A: AC +5, unfitting armour, cold-blooded
a: no special abilities


You were on level 3 of the Dungeon.
You visited 1 branch of the dungeon, and saw 3 of its levels.

You collected 128 gold pieces.

Inventory:

Armour
 j - a +0 pair of boots (worn)
 k - a +0 pair of gloves (worn)
Jewellery
 d - a ring of ice
 e - a ring of fire
Scrolls
 b - 2 scrolls of poison {unknown}
 c - 3 scrolls of identify {unknown}
 f - a scroll of amnesia {unknown}
 g - a scroll of immolation {unknown}
 h - a scroll of noise {unknown}
 l - a scroll of fear {unknown}
 o - a scroll of enchant weapon {unknown}
Potions
 a - a potion of lignification
 i - a potion of might {unknown}
 m - 2 potions of heal wounds {unknown}
 n - a potion of curing {unknown}


   Skills:
 + Level 1.9 Fighting
 + Level 2.3 Dodging
 + Level 3.4 Unarmed Combat
 + Level 2.4 Spellcasting
 + Level 2.5 Transmutations


You had 5 spell levels left.
You knew the following spells:

 Your Spells              Type           Power      Damage    Failure   Level
a - Beastly Appendage     Tmut           18%        N/A       8%          1

Your spell library contained the following spells:

 Spells                   Type           Power      Damage    Failure   Level
 Wereblood                Tmut           9%         N/A       12%         2
 Spider Form              Tmut/Pois      5%         N/A       36%         3
 Ice Form                 Ice/Tmut       5%         N/A       77%         4


Dungeon Overview and Level Annotations

Branches:
Dungeon (3/15)

Altars:

Annotations:
D:3 2 transporters, fleeber's ghost, amateur MfGl


Innate Abilities, Weirdness & Mutations

Your plain brown scales are hard. (AC +5)
You cannot fit into any form of body armour.
You are cold-blooded and may be slowed by cold attacks.


Message History

You kill the rat!
Your transformation is almost over.
Items here: )) ††.
Okay, then.
The orc priest casts a cantrip, but nothing happens.
You closely miss the orc priest.
The orc priest hits you with a +0 flail.
You hit the orc priest.
You claw the orc priest, but do no damage.
The orc priest is lightly wounded.
The orc priest hits you with a +0 flail.
You barely miss the orc priest. You claw the orc priest.
You headbutt the orc priest, but do no damage.
The orc priest is moderately wounded.
The orc priest hits you with a +0 flail.
You hit the orc priest.
You tail-slap the orc priest, but do no damage.
The orc priest is severely wounded.
You closely miss the orc priest. Your kick misses the orc priest.
Your tail-slap misses the orc priest.
The orc priest is severely wounded.
Your horns disappear.
Your talons disappear.
Your +0 pair of boots unmelds from your body.
The orc priest hits you with a +0 flail.
You hit the orc priest but do no damage.
The orc priest is severely wounded.
The orc priest calls down the wrath of Beogh upon you.
Pain shoots through your body!
* * * LOW HITPOINT WARNING * * *
You hit the orc priest but do no damage.
The orc priest is severely wounded.
The orc priest closely misses you.
You hit the orc priest but do no damage.
The orc priest is severely wounded.
The orc priest hits you but does no damage.
You hit the orc priest but do no damage.
Your tail-slap misses the orc priest.
The orc priest is severely wounded.
The orc priest hits you with a +0 flail!
You die...

#.....##...# ... ##
#.....##)#.##.#...=
####.###.#..#...#..
#.# #.##.#..##. #.#
#.##.#....# ..####
#)#...##.##.....
#.....##...#
#..##.###
#.###...>.##
##..###©#
#.....@..##
##...... +.....o..#
####..# #........#
...... +........#
........ #........#
######## #........#
#### #........#
.... #........#
#### ....


You could see an orc priest.

Vanquished Creatures
  2 dart slugs (D:1)
  7 orcs (D:3)
  4 ball pythons
  4 bats
  7 endoplasms
  4 goblins
  4 hobgoblins
  2 quokkas
  3 frilled lizards
  3 kobolds (D:1)
  3 rats
43 creatures vanquished.

Notes
Turn   | Place    | Note
-------+----------+-------------------------------------------
     0 | D:1      | PhantomBowie the Draconian Transmuter began the quest for
                  | the Orb.
     0 | D:1      | Reached XP level 1. HP: 16/16 MP: 3/3
    96 | D:1      | Reached XP level 2. HP: 23/23 MP: 3/5
   183 | D:1      | You fall into a shaft and drop 1 floor!
   614 | D:1      | Reached XP level 3. HP: 24/29 MP: 4/6
  1275 | D:1      | Found a faded altar of an unknown god.
  2133 | D:3      | Found a transporter.
  2138 | D:3      | Found a transporter.
  2140 | D:3      | Noticed fleeber's ghost (amateur MfGl)
  2421 | D:3      | Slain by an orc priest

Illustrated notes

Levels and vault maps discovered:
D:1:      minmay_arrival_four_loops, layout_basic,
          ebering_ecumenical_altar_abandoned
D:2:      layout_basic
D:3:      layout_basic, gammafunk_ghost_stat_death

Skill      XL: |  1  2 |
---------------+-------+-----
Dodging        | 2 |  2.3
Fighting       | |  1.9
Unarmed Combat | |  3.4
Spellcasting   | |  2.4
Transmutations | |  2.5

Action                   || total
-------------------------++-------
Melee: Unarmed           ||   162
       Kick              ||    14
       Headbutt          ||     6
       Tailslap          ||    14
       Punch             ||     2
 Cast: Beastly Appendage ||    12
 Stab: Sleeping          ||     1
Armor: Skin              ||    44
Dodge: Dodged            ||    92
